 Dungeon Crawl Stone Soup version 0.28.0-53-g5a82cb258f (webtiles) character file.

Game seed: 11587373756707412601

71 styxcanada the Sneak (level 4, 0/23 HPs)
             Began as a Spriggan Brigand on July 9, 2022.
             Slain by a gnoll
             ... wielding a +0 vorpal spear
              (4 damage)
             ... on level 2 of the Dungeon.
             The game lasted 00:04:56 (1456 turns).

styxcanada the Sneak (Spriggan Brigand)             Turns: 1456, Time: 00:04:57

Health: 0/23       AC:  3    Str:  7    XL:     4   Next: 5%
Magic:  5/5        EV: 17    Int: 12    God:
Gold:   100        SH:  0    Dex: 18    Spells: 3/3 levels left

rFire   + . .      SeeInvis +   a - +2 dagger
rCold   . . .      Faith    .   (no shield)
rNeg    . . .      Spirit   .   b - +0 robe
rPois   .          Reflect  .   (helmet restricted)
rElec   .          Harm     .   c - +0 cloak
rCorr   .          Rampage  .   (gloves unavailable)
Will    .....                   (boots unavailable)
Stlth   ++++......              (no amulet)
HPRegen 0.07/turn               l - ring of protection from fire
MPRegen 0.09/turn               (no ring)

@: very quick
A: very small, no large weapons, unfitting armour, see invisible, speed 3
a: no special abilities


You were on level 2 of the Dungeon.
You visited 1 branch of the dungeon, and saw 2 of its levels.

You collected 100 gold pieces.

Inventory:

Hand Weapons
 a - a +2 dagger (weapon)
Missiles
 e - 2 curare-tipped darts (quivered)
 f - a throwing net
 k - 2 boomerangs
 m - a stone
Armour
 b - a +0 robe (worn)
 c - a +0 cloak (worn)
Magical Staves
 g - a staff of air
Jewellery
 l - a ring of protection from fire (left hand)
Scrolls
 j - a scroll of immolation {unknown}
 n - 2 scrolls of teleportation {unknown}
 p - a scroll of silence {unknown}
Potions
 h - a potion of might {unknown}
 i - a potion of haste {unknown}
 o - a potion of curing {unknown}


   Skills:
 * Level 1.8 Fighting
 + Level 2.6 Short Blades
 + Level 2.1 Throwing
 * Level 2.1 Dodging
 * Level 7.6 Stealth


You had 3 spell levels left.
You didn't know any spells.
Your spell library was empty.

Dungeon Overview and Level Annotations

Branches:
Dungeon (2/15)

Altars:


Innate Abilities, Weirdness & Mutations

You are very small and have problems with some larger weapons.
You are too small for most types of armour.
You have supernaturally acute eyesight. (SInv)
You cover ground extremely quickly. (Speed+++)


Message History

You throw a poisoned dart. The poisoned dart hits the adder.
The adder looks even sicker.
The adder is lightly wounded.
You see here a +0 flail.
The gnoll looks more healthy.
Throw: 2 darts (poison)
Press: ? - help, Q - select action, (/) - cycle Shift-Dir - straight line, f/p - adder
Aim: an adder (almost dead, poisoned, 44% to hit)
You throw a poisoned dart. The poisoned dart hits the adder.
The adder looks even sicker.
The adder is almost dead.
You kill the adder!
You have reached level 4!
Throw: dart (poison)
Press: ? - help, Q - select action, (/) - cycle Shift-Dir - straight line, f - gnoll
Aim: a gnoll, wielding a +0 vorpal spear (heavily wounded, 65% to hit)
You throw a poisoned dart. The poisoned dart hits the gnoll.
The gnoll is poisoned.
The gnoll is heavily wounded.
You barely miss the gnoll.
The gnoll is heavily wounded.
The gnoll completely misses you.
You hit the gnoll.
The gnoll is severely wounded.
The gnoll looks more healthy.
The gnoll misses you.
You hit the gnoll but do no damage.
The gnoll is severely wounded.
The gnoll completely misses you.
You barely miss the gnoll.
The gnoll is severely wounded.
The gnoll hits you with a +0 vorpal spear.
* * * LOW HITPOINT WARNING * * *
You hit the gnoll.
The gnoll is almost dead.
The gnoll hits you with a +0 vorpal spear.
* * * LOW HITPOINT WARNING * * *
x2 You barely miss the gnoll.
The gnoll is almost dead.
The gnoll hits you with a +0 vorpal spear.
You die...

#.#+#.#+### #.........#
####.........#
#............#
#............#
#............#########
+.......<.............
####...##########.###.###
.........@g(.)(....###....
###########.######.#.).###
#..# #.#.#รท##. ##.#
#.#.#.... .. #g..##.|. #.#
#...##... .. ##'#....##
#.##.....#### #(........


You could see a gnoll.

Vanquished Creatures
  2 adders (D:2)
  2 gnolls (D:2)
  2 dart slugs
  2 bats
  An endoplasm (D:1)
  2 goblins
  2 hobgoblins (D:1)
  4 jackals (D:2)
  2 kobolds
  3 quokkas (D:1)
  4 ball pythons
  4 frilled lizards
  A rat (D:1)
31 creatures vanquished.

Notes
Turn   | Place    | Note
-------+----------+-------------------------------------------
     0 | D:1      | styxcanada the Spriggan Brigand began the quest for the
                  | Orb.
     0 | D:1      | Reached XP level 1. HP: 10/10 MP: 2/2
    18 | D:1      | Reached skill level 6 in Stealth
   217 | D:1      | Reached XP level 2. HP: 14/14 MP: 3/3
  1014 | D:2      | Reached skill level 7 in Stealth
  1014 | D:2      | Reached XP level 3. HP: 18/18 MP: 4/4
  1446 | D:2      | Reached XP level 4. HP: 13/23 MP: 5/5
  1456 | D:2      | Slain by a gnoll

Illustrated notes

Levels and vault maps discovered:
D:1:      enne_arrival_octagon_isle, layout_loops_corners,
          minmay_misc_feat_cross
D:2:      layout_basic, minmay_hexomino_p4

Skill      XL: |  1  2  3 |
---------------+----------+-----
Stealth        | 6 7 |  7.6
Dodging        | 2 |  2.1
Fighting       | |  1.8
Short Blades   | |  2.6
Throwing       | |  2.1

Action                   |  1- 3 |  4- 6 || total
-------------------------+-------+-------++-------
Melee: Dagger            |    80 |     6 ||    86
Throw: Dart              |    19 |     1 ||    20
 Stab: Sleeping          |     9 |       ||     9
Armor: Robe              |    10 |       ||    10
Dodge: Dodged            |    73 |     3 ||    76
